 Dungeon Crawl Stone Soup version 0.28.0-53-g5a82cb258f (webtiles) character file.

Game seed: 7149631858670578236

1851 tizbic2 the Cleaver (level 8, -1/57 (68) HPs)
             Began as a Troll Transmuter on July 17, 2022.
             Was an Initiate of Ru.
             Slain by a wight
             ... wielding a +3 mace
              (9 damage)
             ... on level 6 of the Dungeon.
             The game lasted 00:29:25 (3762 turns).

tizbic2 the Cleaver (Troll Transmuter)              Turns: 3762, Time: 00:29:55

HP:   -1/57 (68)    AC: 10    Str: 21    XL:     8   Next: 88%
MP:   7/8           EV:  9    Int: 15    God:    Ru [......]
Gold: 305           SH:  5    Dex: 10    Spells: 3/9 levels left

rFire   . . .      SeeInvis .   w - +1 short sword (venom)
rCold   . . .      Faith    .   (no shield)
rNeg    . . .      Spirit   .   v - +1 troll leather armour
rPois   .          Reflect  +   (helmet restricted)
rElec   .          Harm     .   A - +2 cloak
rCorr   .          Rampage  .   (gloves unavailable)
Will    .....                   (boots unavailable)
Stlth   +.........              j - amulet of reflection
HPRegen 1.79/turn               i - +6 ring of intelligence
MPRegen 0.11/turn               D - ring of wizardry

@: flying, heavily drained
A: large, unfitting armour, claws 3, regeneration 1, shaggy fur 1, tough skin 1,
sense surroundings 1
a: Renounce Religion


You were on level 6 of the Dungeon.
You worshipped Ru.
Ru was noncommittal.
You visited 2 branches of the dungeon, and saw 7 of its levels.

You collected 329 gold pieces.
You spent 24 gold pieces at shops.

Inventory:

Hand Weapons
 a - a +2 quarterstaff of chaos
 p - a +0 morningstar
 w - a +1 short sword of venom (weapon)
Missiles
 h - 143 stones
 u - 2 boomerangs (quivered)
 y - 5 javelins
Armour
 v - a +1 troll leather armour (worn)
 A - a +2 cloak (worn)
Jewellery
 i - a +6 ring of intelligence (left claw)
 j - an amulet of reflection (around neck)
 k - a ring of poison resistance
 m - a ring of fire
 B - a ring of willpower
 D - a ring of wizardry (right claw)
Wands
 c - a wand of paralysis (11)
Scrolls
 b - 2 scrolls of amnesia
 g - 4 scrolls of teleportation
 l - a scroll of vulnerability
 o - 5 scrolls of fog
 x - a scroll of brand weapon
 E - a scroll of silence {unknown}
Potions
 d - a potion of magic {unknown}
 f - a potion of curing {unknown}
 r - a potion of flight
 s - a potion of invisibility {unknown}
 t - a potion of haste {unknown}
 z - a potion of berserk rage {unknown}
 C - a potion of attraction {unknown}


   Skills:
 - Level 0.7 Fighting
 * Level 9.6 Axes
 - Level 1.5 Dodging
 - Level 3.0 Unarmed Combat
 - Level 1.2 Spellcasting
 - Level 1.4 Transmutations


You had 3 spell levels left.
You knew the following spells:

 Your Spells              Type           Power      Damage    Failure   Level
a - Beastly Appendage     Tmut           10%        N/A       6%          1
b - Wereblood             Tmut           5%         N/A       9%          2
c - Spider Form           Tmut/Pois      3%         N/A       24%         3

Your spell library contained the following spells:

 Spells                   Type           Power      Damage    Failure   Level
 Confusing Touch          Hex            0%         N/A       32%         3
 Inner Flame              Hex/Fire       0%         N/A       32%         3
 Summon Guardian Golem    Hex/Summ       0%         N/A       32%         3
 Ice Form                 Ice/Tmut       3%         N/A       58%         4
 Cause Fear               Hex            0%         N/A       69%         4
 Yara's Violent Unravell  Hex/Tmut       1%         3d3       89%         5
 Enfeeble                 Hex            0%         N/A       100%        7
 Orb of Destruction       Conj           0%         9d5       100%        7
 Spellforged Servitor     Conj/Summ      0%         N/A       100%        7
 Discord                  Hex            0%         N/A       100%        8


Dungeon Overview and Level Annotations

Branches:
Dungeon (6/15)             Temple (1/1) D:5

Altars:
Ashenzari
Cheibriados
Dithmenos
Fedhas
Gozag
Hepliaklqana
Kikubaaqudgha
Makhleb
Nemelex Xobeh
Qazlal
Ru
Trog
Uskayaw
Vehumet
Wu Jian
Xom
Yredelemnul
Zin
The Shining One

Shops:
D:1 (   D:4 *

Annotations:
D:5 2 transporters, Soldner's ghost, amateur DEFE


Innate Abilities, Weirdness & Mutations

You are too large for most types of armour.
You have claws for hands.
Your natural rate of healing is unusually fast.
You are covered in fur. (AC +1)
You have tough skin. (AC +1)
You passively map a small area around you.


Message History

The wight is severely damaged.
The wight hits you with a +0 dire flail!
You feel drained. You block the wight's attack.
You barely miss the wight.
The wight is severely damaged.
The wight barely misses you. You block the wight's attack.
You barely miss the wight.
The wight is severely damaged.
The wight hits you with a +0 dire flail.
The wight barely misses you.
You hit the wight but do no damage.
The wight is severely damaged.
The wight hits you with a +0 dire flail.
The wight hits you with a +3 mace!
It was a potion of mutation.
You feel extremely strange.
You feel a strange attunement to the structure of the dungeons.
The wight misses you. The wight hits you with a +3 mace!
You hit the wight.
The wight is lightly damaged.
You block the wight's attack. The wight hits you but does no damage.
You hit the wight but do no damage.
The wight is lightly damaged.
The wight closely misses you. The wight hits you with a +3 mace.
* * * LOW HITPOINT WARNING * * *
It was a potion of flight.
You feel very buoyant.
You fly up into the air.
The wight hits you with a +0 dire flail.
* * * LOW HITPOINT WARNING * * *
The wight hits you with a +3 mace.
* * * LOW HITPOINT WARNING * * *
You feel drained.
You hit the wight but do no damage.
The wight is lightly damaged.
The wight hits you with a +0 dire flail!
* * * LOW HITPOINT WARNING * * *
You feel drained.
* * * LOW HITPOINT WARNING * * *
The wight hits you with a +3 mace!
You die...

,,,,,..##,*##...##
*,*,*,,*#,* ##.##
*,*,*,,##.** #.#
*,*,*,,#...###.#
*,,,,,,.,#>....#
,,,,,,,#...#...##
*,,****##,#.....##
*,,* **,*##.###z#
*,,****,** ##,*#@#
*,,,,,,*,***,**#z#
**,***,**,#......#
*,* *,**.....##.#
*,* *,*,###.,*#(#
**,***,,,* #,,*#.#
,,,,,,,*,***,**#.#
**,,,,,,,,,,,**#.#
,,,,,,,,,,,,,,,..#


You could see 2 wights.

Vanquished Creatures
  Pikel (D:6)
  Menkaure (D:6)
  A black bear (D:4)
  An ice beast (D:6)
  A sky beast (D:5)
  3 ogres (D:5)
  A phantom (D:4)
  3 water moccasin skeletons
  2 wights (D:6)
  A jelly (D:5)
  A bullfrog skeleton (D:5)
  A centaur skeleton (D:4)
  3 iguanas
  Crazy Yiuf (D:2)
  Jessica (D:2)
  Natasha (thrice) (D:2)
  A hound skeleton (D:4)
  4 gnolls (D:5)
  An adder (D:3)
  A white imp (D:5)
  2 ufetubi
  2 dart slugs
  4 worms
  An orc (D:3)
  8 endoplasms
  4 giant cockroaches
  8 hobgoblins
  5 jackals
  4 quokkas
  9 ball pythons
  7 bats
  2 frilled lizards
  6 goblins
  7 kobolds
  5 rats
106 creatures vanquished.

Vanquished Creatures (others)
  2 fungi (D:2)
2 creatures vanquished.

Grand Total: 108 creatures vanquished

Notes
Turn   | Place    | Note
-------+----------+-------------------------------------------
     0 | D:1      | tizbic2 the Troll Transmuter began the quest for the Orb.
     0 | D:1      | Reached XP level 1. HP: 18/18 MP: 1/1
    60 | D:1      | Found Vuydghee's Weapon Boutique.
    76 | D:1      | Reached skill level 1 in Axes
   113 | D:1      | Reached XP level 2. HP: 26/26 MP: 2/2
   315 | D:1      | Learned a level 2 spell: Wereblood
   369 | D:2      | Noticed Jessica
   374 | D:2      | Killed Jessica
   375 | D:2      | Reached skill level 2 in Axes
   375 | D:2      | Reached XP level 3. HP: 21/32 MP: 3/3
   438 | D:2      | Noticed Natasha
   452 | D:2      | Killed Natasha
   453 | D:2      | Reached skill level 3 in Axes
   453 | D:2      | Reached XP level 4. HP: 9/40 MP: 4/4
   661 | D:2      | Noticed Natasha
   668 | D:2      | Killed Natasha
   774 | D:2      | Found a faded altar of an unknown god.
   891 | D:2      | Noticed Natasha
   896 | D:2      | Killed Natasha
   897 | D:2      | Reached XP level 5. HP: 43/46 MP: 5/5
  1062 | D:2      | Found a runed translucent door.
  1063 | D:2      | Noticed Crazy Yiuf
  1072 | D:2      | Killed Crazy Yiuf
  1073 | D:2      | Reached skill level 4 in Axes
  1627 | D:4      | Noticed a phantom
  1646 | D:4      | Found a sacrificial altar of Ru.
  1650 | D:4      | Killed a phantom
  1651 | D:4      | Reached XP level 6. HP: 43/54 MP: 6/6
  1774 | D:4      | Reached skill level 5 in Axes
  1851 | D:4      | Found a blossoming altar of Fedhas.
  2276 | D:4      | Found Kigyxup's Assorted Antiques.
  2288 | D:4      | Bought a fizzy grey potion for 24 gold pieces
  2384 | D:5      | Entered Level 5 of the Dungeon
  2394 | D:5      | Found a transporter.
  2394 | D:5      | Found a transporter.
  2395 | D:5      | Noticed Soldner's ghost (amateur DEFE)
  2473 | D:5      | Reached skill level 6 in Axes
  2500 | D:5      | Reached XP level 7. HP: 54/61 MP: 5/7
  2537 | D:5      | Found a staircase to the Ecumenical Temple.
  2554 | Temple   | Entered the Ecumenical Temple
  2844 | D:5      | Reached skill level 7 in Axes
  2909 | D:5      | Identified the +1 chain mail of Okawaru's Approval {rPois}
  3041 | D:5      | Reached XP level 8. HP: 49/68 MP: 8/8
  3291 | D:4      | Became a worshipper of Ru the Awakened
  3438 | D:5      | Found a snail-covered altar of Cheibriados.
  3491 | D:6      | Noticed Pikel
  3507 | D:6      | Killed Pikel
  3508 | D:6      | Reached skill level 8 in Axes
  3515 | D:6      | Reached skill level 9 in Axes
  3543 | D:6      | Learned a level 3 spell: Spider Form
  3640 | D:6      | Noticed Menkaure
  3647 | D:6      | Killed Menkaure
  3758 | D:6      | Gained mutation: You passively map a small area around you.
                  | [potion of mutation]
  3762 | D:6      | Slain by a wight

Illustrated notes

Levels and vault maps discovered:
D:1:      lemuel_arrival_behind_the_door_large, layout_rooms, serial_shops,
          nicolae_shop_hallway_stairs
D:2:      layout_loops_cross, hellmonk_ecumenical_altar_prayer_group,
          uniq_natasha, uniq_crazy_yiuf_cottage, uniq_jessica
D:3:      layout_rooms
D:4:      layout_gridville, kennysheep_mini, nicolae_ru_path_of_blood,
          serial_shops, nicolae_shop_overgrown_old_shop, minivault_27
D:5:      layout_loops_ring, kennysheep_mini_moat, minmay_temple_entry_trees,
          gammafunk_ghost_smash
D:6:      layout_loops_ring, nicolae_ossuary_entry_plus, uniq_menkaure,
          uniq_pikel, uniq_maggie, uniq_duvessa
Temple:   nicolae_temple_elliptical

Skill      XL: |  1  2  3  4  5  6  7  8 |
---------------+-------------------------+-----
Axes           | 1 2 3 4 6 7 9 |  9.6
Fighting       | |  0.7
Dodging        | |  1.5
Unarmed Combat | |  3.0
Spellcasting   | |  1.2
Transmutations | |  1.4

Action                   |  1- 3 |  4- 6 |  7- 9 || total
-------------------------+-------+-------+-------++-------
Melee: Unarmed           |    79 |    25 |     4 ||   108
       Short sword       |       |   130 |   113 ||   243
       Headbutt          |       |     8 |     9 ||    17
       Quarterstaff      |       |    25 |       ||    25
       Kick              |       |     6 |    14 ||    20
       Punch             |       |     2 |     4 ||     6
Throw: Stone             |       |     4 |       ||     4
       Boomerang         |       |       |     4 ||     4
 Cast: Beastly Appendage |     1 |    10 |    10 ||    21
       Wereblood         |       |     6 |     5 ||    11
       Spider Form       |       |       |     1 ||     1
  Use: Scroll            |       |    10 |     2 ||    12
       Potion            |       |       |     2 ||     2
Armor: Robe              |    22 |    29 |       ||    51
       Troll leather arm |       |    42 |    49 ||    91
Dodge: Dodged            |    41 |    90 |    56 ||   187
Block: Other             |       |    20 |    20 ||    40
       Reflection        |       |     1 |       ||     1
